 Dungeon Crawl Stone Soup version 0.31.0-12-g77e489cdc1 (webtiles) character file.

Game seed: 2864697319471897899

26461 112233 the Spry (level 12, -7/71 HPs)
             Began as a Felid Fighter on Feb 17, 2024.
             Was a Believer of Elyvilon.
             Mangled by a hellwing (15 damage)
             ... on level 9 of the Dungeon.
             The game lasted 00:19:51 (13131 turns).

112233 the Spry (Felid Fighter)                    Turns: 13131, Time: 00:19:52

Health: -7/71      AC:  3    Str: 16    XL:     12   Next: 98%
Magic:  13/13      EV: 27    Int: 13    God:    Elyvilon [**....]
Gold:   538        SH:  0    Dex: 16    Spells: 11/11 levels left
                                        Lives:  0   Deaths: 3

rFire   . .          .
                       - Unarmed
rCold   + . .        (shield unavailable)
rNeg    . . .        (body armour unavailable)
rPois   .            (helmet unavailable)
rElec   .            (cloak unavailable)
rCorr   .            (gloves unavailable)
SInv    +            (boots unavailable)
Will    ++...        v - amulet of regeneration
Stlth   +            z - ring of willpower
HPRegen 1.11/turn    t - ring of flight
MPRegen 0.13/turn

%: no passive effects
@: flying
A: very small, claws 1, fangs 3, see invisible, shaggy fur 3, stealthy paws, no
weapons or thrown items, no armour, multi-lived
a: Renounce Religion, Purification, Heal Other


You were on level 9 of the Dungeon.
You worshipped Elyvilon.
Elyvilon was pleased with you.
You visited 3 branches of the dungeon, and saw 15 of its levels.

You collected 538 gold pieces.

Inventory:

Jewellery
 m - a +6 ring of intelligence
 o - an amulet of magic regeneration
 t - a ring of flight (right paw)
 v - an amulet of regeneration (around neck)
 z - a ring of willpower (left paw)
Talismans
 r - a talisman of death
 w - a blade talisman
Wands
 b - a wand of flame (34)
 s - a wand of roots (7)
 x - a wand of digging (3)
 B - a wand of mindburst (4) (quivered)
Scrolls
 a - a scroll of amnesia
 e - 2 scrolls of enchant armour
 g - a scroll of teleportation
 h - 2 scrolls of enchant weapon
 i - 3 scrolls of fog
 j - a scroll of identify
 k - 3 scrolls of immolation
Potions
 p - a potion of brilliance


   Skills:
 + Level 12.2 Fighting
 + Level 15.4 Dodging
 + Level 12.4 Unarmed Combat
 + Level 7.7 Shapeshifting


You had 11 spell levels left.
You didn't know any spells.
Your spell library contained the following spells:

 Spells                   Type           Power      Damage    Failure   Level
 Sandblast                Erth           0%         2d4       30%         1
 Call Canine Familiar     Summ           0%         N/A       67%         3
 Inner Flame              Hex/Fire       0%         N/A       67%         3
 Passwall                 Erth           0%         N/A       67%         3
 Sigil of Binding         Hex            0%         N/A       67%         3
 Stone Arrow              Conj/Erth      0%         3d7       67%         3
 Brom's Barrelling Bould  Conj/Erth      0%         2d3       97%         4
 Flame Wave               Conj/Fire      0%         2d4       97%         4
 Sticky Flame             Fire/Alch      0%         2d4       97%         4
 Dimensional Bullseye     Hex/Tloc       Unusable   N/A       N/A         4

Dungeon Overview and Level Annotations

Branches:
Dungeon (9/15)             Temple (1/1) D:7            Lair (5/5) D:8
 Shoals (0/4) Lair:3        Slime (0/5) Lair:5
  Snake: Lair:2-3    Spider: Lair:2-3       Orc: D:9-12

Altars:
Ashenzari
Cheibriados
Dithmenos
Elyvilon
Fedhas
Gozag
Hepliaklqana
Kikubaaqudgha
Makhleb
Nemelex Xobeh
Okawaru
Qazlal
Ru
Sif Muna
Trog
Uskayaw
Vehumet
Wu Jian
Xom
Yredelemnul
Zin
The Shining One

Shops:
D:5 *(

Annotations:
D:5 3 runed translucent doors, NarcSill's ghost, novice DsGl
D:6 1 runed translucent door, Tyszek's ghost, novice MiMo
D:8 4 transporters
Lair:1 exclusion: downstairs
Lair:2 exclusion: downstairs
Lair:3 exclusions: downstairs and upstairs
Lair:4 exclusion: downstairs


Innate Abilities, Weirdness & Mutations

You have sharp claws.
You have razor-sharp teeth.
You have supernaturally acute eyesight. (SInv)
Your thick and shaggy fur keeps you warm. (AC +3, rC+)
Your paws help you pounce on unaware monsters.
You are incapable of wielding weapons or throwing items.
You cannot wear armour.
You gain extra lives every three experience levels.


Message History

The chaos spawn completely misses you. The hellwing closely misses you.
The hellwing hits you!
Unknown command.
The ice devil completely misses you. The chaos spawn misses you.
The hellwing completely misses you. The hellwing closely misses you.
The hellwing hits you! The hellwing completely misses you.
The ice devil completely misses you. The hellwing hits you!
The hellwing hits you but does no damage.
The chaos spawn completely misses you. The chaos spawn closely misses you.
The hellwing closely misses you. x2; The chaos spawn misses you.
Unknown command.
The ice devil hits you. The ice devil freezes you. You resist.
* * * LOW HITPOINT WARNING * * *
The hellwing closely misses you. The hellwing barely misses you.
The chaos spawn completely misses you. The chaos spawn misses you.
The hellwing completely misses you. The hellwing barely misses you.
The chaos spawn completely misses you.
Unknown command.
You feel less confused. The ice devil closely misses you.
The chaos spawn misses you. The hellwing completely misses you.
The hellwing hits you.
* * * LOW HITPOINT WARNING * * *
The chaos spawn completely misses you. The hellwing hits you.
* * * LOW HITPOINT WARNING * * *
The hellwing closely misses you. The chaos spawn completely misses you.
The ice devil completely misses you. The chaos spawn misses you.
The hellwing misses you. The hellwing completely misses you.
The chaos spawn completely misses you. The hellwing closely misses you.
The hellwing hits you but does no damage.
The chaos spawn closely misses you.
Unknown command.
The ice devil completely misses you. The chaos spawn barely misses you.
The hellwing hits you!
* * * LOW HITPOINT WARNING * * *
The hellwing closely misses you. The chaos spawn completely misses you.
The hellwing barely misses you. The hellwing misses you.
The chaos spawn completely misses you.
Unknown command.
The ice devil misses you. The hellwing hits you!
You die...

~~♣#+ ≈~#. P.. ..
###+##########.#
#.....#......#'##### #
#$....#............# #
#.....#.44..#..†4..######
#.....+4@4..'...4..#...['
#.......44..#......'.####
#.....#######......### #
####### ######## #


You could see 2 hellwings, an ice devil and 3 chaos spawn.

Vanquished Creatures
  A hydra (Lair:4)
  Pikel (D:8)
  A harpy (Lair:2)
  9 elephants
  4 black mambas
  8 cane toads
  Maggie (D:8)
  3 rime drakes
  Jeremiah (D:7)
  Psyche (D:8)
  8 komodo dragons
  A troll (D:9)
  2 polar bears (Lair:4)
  15 blink frogs
  6 dream sheep
  Sigmund (D:2)
  A spriggan (Lair:4)
  A ynoxinul (D:9)
  10 yaks
  6 wyverns
  A steam dragon (Lair:2)
  Menkaure (D:7)
  15 water moccasins
  2 orc warriors
  A black bear (D:6)
  2 ice beasts
  3 ogres (D:4)
  12 wolves
  A centaur (D:9)
  A kobold brigand (D:8)
  A gnoll sergeant (D:7)
  14 bullfrogs
  A scorpion (D:6)
  6 wights
  A howler monkey (D:5)
  An electric eel (Lair:1)
  A crimson imp (D:7)
  A lava snake (Lair:1)
  A bombardier beetle (D:3)
  A quasit (D:9)
  A hound (D:5)
  A jelly (D:6)
  4 sleepcaps
  3 orc priests
  4 iguanas
  6 orc wizards
  Robin (D:2)
  7 adders
  10 gnolls
  2 shadow imps (D:5)
  2 white imps
  4 ufetubi
  2 dart slugs
  4 ribbon worms
  28 orcs
  10 ball pythons
  5 bats
  6 endoplasms
  3 giant cockroaches
  16 goblins
  12 hobgoblins
  13 kobolds
  A quokka (D:4)
  A frilled lizard (D:2)
  5 rats
299 creatures vanquished.

Vanquished Creatures (collateral kills)
  Erica (Lair:2)
  4 blink frogs (Lair:2)
  A water moccasin (Lair:2)
6 creatures vanquished.

Vanquished Creatures (others)
  A blink frog (Lair:3)
  A gnoll (D:4)
2 creatures vanquished.

Grand Total: 307 creatures vanquished

Notes
Turn   | Place    | Note
-------+----------+-------------------------------------------
     0 | D:1      | 112233 the Felid Fighter began the quest for the Orb.
     0 | D:1      | Reached XP level 1. HP: 12/12 MP: 2/2
   271 | D:1      | Reached XP level 2. HP: 7/16 MP: 3/3
   325 | D:1      | Found a faded altar of an unknown god.
   492 | D:1      | Prayed at the altar of an unknown god.
   492 | D:1      | Became a worshipper of Elyvilon the Healer
   492 | D:1      | Reached * piety under Elyvilon
  1094 | D:2      | Noticed Sigmund
  1103 | D:2      | Reached ** piety under Elyvilon
  1120 | D:2      | Killed Sigmund
  1121 | D:2      | Reached skill level 5 in Dodging
  1121 | D:2      | Reached skill level 5 in Unarmed Combat
  1121 | D:2      | Reached XP level 3. HP: 18/21 MP: 4/4
  1121 | D:2      | Reached XP level 4. HP: 23/26 MP: 5/5
  1121 | D:2      | Gained a life (2 lives remaining)
  1121 | D:2      | Reached XP level 5. HP: 26/30 MP: 6/6
  1301 | D:2      | Found a shadowy altar of Dithmenos.
  1346 | D:2      | Noticed Robin
  2006 | D:2      | Killed Robin
  2172 | D:2      | Reached skill level 6 in Dodging
  2672 | D:3      | Gained mutation: You are covered in thick fur. (AC +2)
                  | [Felid growth]
  2672 | D:3      | Reached XP level 6. HP: 34/34 MP: 7/7
  2884 | D:3      | Reached *** piety under Elyvilon
  3537 | D:4      | Reached skill level 5 in Fighting
  3626 | D:4      | Reached XP level 7. HP: 39/39 MP: 8/8
  3640 | D:4      | Reached skill level 7 in Dodging
  3810 | D:5      | Entered Level 5 of the Dungeon
  3810 | D:5      | Reached **** piety under Elyvilon
  3868 | D:5      | Found Ileegeq's Antique Weapon Shop.
  3873 | D:5      | Found Efoi's General Store.
  4046 | D:5      | Identified the +8 spear of Youthful Indiscretion {heavy,
                  | rElec rF+}
  4061 | D:5      | Found a runed translucent gate.
  4061 | D:5      | Found a runed translucent gate.
  4061 | D:5      | Found a runed translucent gate.
  4316 | D:5      | Noticed NarcSill's ghost (novice DsGl)
  5137 | D:4      | Reached skill level 8 in Dodging
  5322 | D:6      | Reached XP level 8. HP: 44/44 MP: 9/9
  5378 | D:6      | Found a runed translucent door.
  5380 | D:6      | Noticed Tyszek's ghost (novice MiMo)
  5663 | D:7      | Noticed Jeremiah
  6045 | D:6      | Reached skill level 9 in Dodging
  6411 | D:6      | Reached XP level 9. HP: 41/50 MP: 10/10
  7122 | D:7      | Reached skill level 10 in Dodging
  7186 | D:7      | Found a staircase to the Ecumenical Temple.
  7296 | Temple   | Entered the Ecumenical Temple
  7485 | D:8      | Noticed Maggie
  7488 | D:7      | Noticed Menkaure
  7501 | D:7      | Killed Menkaure
  7816 | D:7      | Reached skill level 1 in Shapeshifting
  7929 | D:7      | Elyvilon protects you from harm!
  7930 | D:7      | Killed Jeremiah
  8503 | D:8      | Killed Maggie
  8504 | D:8      | Reached skill level 11 in Dodging
  8614 | D:8      | Found the +18 Lear's hauberk
  8627 | D:8      | Found a transporter.
  8629 | D:8      | Noticed Psyche
  8630 | D:8      | Found a transporter.
  8642 | D:8      | Killed Psyche
  8670 | D:8      | Found a transporter.
  8683 | D:8      | Reached XP level 10. HP: 48/57 MP: 11/11
  8813 | D:8      | Noticed Pikel
  8826 | D:8      | Killed Pikel
  8859 | D:8      | Found a hide-covered altar of Uskayaw.
  8889 | D:8      | Found a basalt altar of Yredelemnul.
  8916 | D:8      | Found a staircase to the Lair.
  8961 | D:8      | Found a transporter.
  9125 | Lair:1   | Entered Level 1 of the Lair of Beasts
  9282 | Lair:1   | Reached skill level 12 in Dodging
  9341 | Lair:1   | Noticed a cane toad
  9350 | Lair:1   | Killed a cane toad
  9405 | Lair:1   | Noticed a cane toad
  9437 | Lair:1   | Killed a cane toad
  9438 | Lair:1   | Reached skill level 10 in Unarmed Combat
  9452 | Lair:1   | Noticed a black mamba
  9460 | Lair:1   | Killed a black mamba
  9521 | Lair:1   | Noticed an elephant
  9524 | Lair:1   | Noticed an elephant
  9524 | Lair:1   | Noticed an elephant
  9525 | Lair:1   | Noticed an elephant
  9526 | Lair:1   | Noticed an elephant
  9528 | Lair:1   | Noticed Erica
  9681 | Lair:2   | Reached XP level 11. HP: 63/63 MP: 12/12
  9732 | Lair:2   | Reached skill level 10 in Fighting
  9973 | Lair:2   | Reached skill level 13 in Dodging
  9973 | Lair:2   | Reached skill level 5 in Shapeshifting
 10637 | Lair:3   | Mangled by a komodo dragon
 10637 | Lair:3   | Lost a life (1 life remaining)
 10638 | Lair:3   | Noticed an eight-headed hydra
 10754 | Lair:3   | Noticed a five-headed hydra
 11037 | Lair:2   | Noticed a seven-headed hydra
 11118 | Lair:3   | Noticed a harpy
 11119 | Lair:3   | Noticed a harpy
 11134 | Lair:2   | Killed a harpy
 11135 | Lair:2   | Reached skill level 14 in Dodging
 11406 | Lair:1   | Gained mutation: Your thick and shaggy fur keeps you warm.
                  | (AC +3, rC+) [Felid growth]
 11406 | Lair:1   | Reached XP level 12. HP: 43/70 MP: 13/13
 11406 | Lair:1   | Gained a life (2 lives remaining)
 11490 | Lair:2   | Killed Erica
 12091 | Lair:3   | Noticed a death yak
 12318 | Lair:4   | Was placed under penance by Elyvilon
 12320 | Lair:4   | Reached skill level 15 in Dodging
 12333 | Lair:4   | HP: 5/159 [wyvern (8)]
 12334 | Lair:4   | Elyvilon protects you from harm!
 12351 | Lair:4   | Killed an eight-headed hydra
 12438 | Lair:4   | Found a sacrificial altar of Ru.
 12524 | Lair:5   | Entered Level 5 of the Lair of Beasts
 12547 | Lair:5   | Noticed a five-headed hydra
 12561 | Lair:3   | Found a staircase to the Shoals.
 12565 | Lair:3   | HP: 2/71 [blink frog (12)]
 13006 | D:9      | Was forgiven by Elyvilon
 13047 | D:9      | Slain by a sun demon
 13047 | D:9      | Lost a life (1 life remaining)
 13109 | D:9      | Slain by a chaos spawn
 13109 | D:9      | Lost a life (0 lives remaining)
 13131 | D:9      | Mangled by a hellwing

Illustrated notes

Levels and vault maps discovered:
D:1:      amcnicky_arrival_flooded_fountain, layout_loops_cross,
          hellmonk_ecumenical_altar_arch_garden, st_stairs_7
D:2:      layout_loops_corners, basic_altar, minmay_shallow_snake_nest,
          uniq_robin, uniq_sigmund
D:3:      layout_loops_ring
D:4:      layout_basic, serial_library_hellmonk_junction, minmay_goblin_outpost
D:5:      layout_basic, gammafunk_ghost_icy, grunt_ministairs_13,
          nicolae_wooded_promenade, roderic_serpentine_path
D:6:      layout_basic, ebering_ghost_reflecting_pool
D:7:      layout_basic, minmay_temple_entry_glassed_door,
          minmay_misc_feat_rugged, minmay_fire_ice_demons, uniq_menkaure,
          uniq_jeremiah
D:8:      layout_rooms, nicolae_overflow_crystal_walls,
          mainiacjoe_overflow_24_doors, lair_entry_dummy,
          nicolae_diode_quadrants, uniq_psyche, uniq_maggie, uniq_pikel
D:9:      layout_roguey, orc_0_dummy, serial_demonic, serial_demonic_e,
          serial_demonic_b, serial_demonic_g, serial_demonic_f,
          serial_demonic_a, serial_demonic_d, serial_demonic_b,
          serial_demonic_g, serial_demonic_c, serial_demonic_e,
          skrybe_limestone_x
Temple:   mainiacjoe_temple_big_plus
Lair:1:   layout_gridlike, ldierk_geyser, grunt_megastairs_5,
          infiniplex_staircase_pool, uniq_erica
Lair:2:   layout_misc_corridors, hellmonk_spider_entry_life_and_decay
Lair:3:   nzn_winding_woodlands_cross [nzn_winding_woodlands_5x15_split_checker,
          nzn_winding_woodlands_5x15_twine,
          nzn_winding_woodlands_5x15_longhouse,
          nzn_winding_woodlands_5x15_parted,
          nzn_winding_woodlands_15x15_thick_spiral], layout_cave_shapes,
          nicolae_shoals_entry_roost, nicolae_volcano_entry_batcave,
          lemuel_old_faithful
Lair:4:   layout_hall_layers, basic_altar, minivault_19,
          grunt_forest_large_clearings
Lair:5:   cheibrodos_lair_end_hotspot, layout_hall_layers,
          dpeg_slime_entry_corner

Skill      XL: |  1  2  3  4  5  6  7  8  9 10 11 12 |
---------------+-------------------------------------+-----
Fighting       | 4 5 6 7 8 9 11 12 | 12.2
Dodging        | 5 6 8 9 11 12 14 15 | 15.4
Unarmed Combat | 5 6 7 9 10 11 12 | 12.4
Shapeshifting  | 2 4 6 7 |  7.7

Action                     |  1- 3 |  4- 6 |  7- 9 | 10-12 || total
---------------------------+-------+-------+-------+-------++-------
  Melee: Unarmed           |    67 |   174 |   363 |   574 ||  1178
         Bite              |     4 |    13 |    59 |    69 ||   145
         Punch             |     1 |     5 |    17 |    45 ||    68
 Invoke: Heal Self         |       |       |     9 |    16 ||    25
         Heal Other        |       |       |       |     1 ||     1
         Purification      |       |       |       |     2 ||     2
  Evoke: Wand              |       |       |     3 |    16 ||    19
    Use: Potion            |     3 |     4 |     2 |    11 ||    20
         Scroll            |       |       |     1 |    27 ||    28
   Stab: Sleeping          |       |     5 |     2 |     5 ||    12
         Invisible         |       |     5 |     1 |       ||     6
 Armour: Skin              |    21 |    45 |   108 |   391 ||   565
  Dodge: Dodged            |    60 |   143 |   343 |   806 ||  1352
